 Dungeon Crawl Stone Soup version 0.27.0-1-g7a089689b8 (webtiles) character file.

Game seed: 8855336104508385373

146 trckry the Grasshopper (level 5, -3/50 HPs)
             Began as an Ogre Warper on Aug 13, 2021.
             Was a Follower of Zin.
             Splashed by a jelly's acid (11 damage)
             ... on level 3 of the Dungeon.
             The game lasted 00:09:13 (4079 turns).

trckry the Grasshopper (Ogre Warper)                Turns: 4079, Time: 00:09:14

Health: -3/50      AC: -5    Str: 15    XL:     5   Next: 28%
Magic:  6/8        EV:  9    Int: 15    God:    Zin [*.....]
Gold:   98         SH:  0    Dex:  8    Spells: 3/8 levels left

rFire    . . .     SeeInvis .   a - +0 mace
rCold    . . .     Faith    .   (no shield)
rNeg     . . .     Spirit   .   b - +0 robe
rPois    .         Reflect  .   (helmet restricted)
rElec    .         Harm     .   (no cloak)
rCorr    .         Rampage  .   (gloves unavailable)
Will     .....                  (boots unavailable)
Stlth    +.........             (no amulet)
HPRegen  0.16/turn              (no ring)
MPRegen  0.11/turn              (no ring)

@: corroded
A: large, unfitting armour, tough skin 1
a: Renounce Religion, Recite, Donate Gold


You were on level 3 of the Dungeon.
You worshipped Zin.
Zin was aware of your devotion.
You visited 1 branch of the dungeon, and saw 4 of its levels.

You collected 108 gold pieces.
You donated 10 gold pieces to Zin.

Inventory:

Hand Weapons
 a - a +0 mace (weapon)
Missiles
 d - 5 boomerangs of dispersal (quivered)
Armour
 b - a +0 robe (worn)
Scrolls
 c - a scroll of blinking
 e - a scroll of enchant weapon {unknown}
 i - a scroll of immolation {unknown}
 j - 2 scrolls of identify {unknown}
 k - a scroll of enchant armour {unknown}
 l - a scroll of silence {unknown}
 n - a scroll of teleportation {unknown}
 o - a scroll of vulnerability {unknown}
 p - a scroll of amnesia {unknown}
Potions
 f - a potion of lignification {unknown}
 g - 2 potions of curing {unknown}
 h - a potion of cancellation {unknown}
 m - a potion of haste {unknown}


   Skills:
 - Level 2.6 Fighting
 * Level 3.6 Maces & Flails
 - Level 1.0 Throwing
 - Level 2.1 Dodging
 - Level 2.4 Spellcasting
 * Level 4.1 Translocations


You had 3 spell levels left.
You knew the following spells:

 Your Spells              Type           Power      Damage    Failure   Level
a - Blink                 Tloc           N/A        N/A       6%          2
b - Gell's Gravitas       Tloc           7%         N/A       12%         3

Your spell library contained the following spells:

 Spells                   Type           Power      Damage    Failure   Level
 Lesser Beckoning         Tloc           7%         N/A       12%         3
 Teleport Other           Tloc           14%        N/A       12%         3
 Manifold Assault         Tloc           14%        N/A       71%         5


Dungeon Overview and Level Annotations

Branches:
Dungeon (4/15)
 Temple: D:4-7

Altars:
Zin

Shops:
D:2 :

Annotations:
D:3 1 runed translucent door, Crazy Yiuf


Innate Abilities, Weirdness & Mutations

You are too large for most types of armour.
You have tough skin. (AC +1)


Message History

You can no longer call upon Zin for vitalisation.
You regained 19 hp, and now have 29/50 hp.
You start resting.
HP restored.
Health restored: 50
There is a stone staircase leading up here.
There is a stone staircase leading down here.
You climb downwards.
A jelly comes into view.
The jelly quivers.
The jelly hits you.
You are splashed with acid.
The jelly barely misses you.
Found a scratched sapphire ring.
There is a stone staircase leading up here.
You take 6 damage, and have 44/50 hp.
You hit the jelly. The acid corrodes you!
Your hands burn!
The jelly is lightly wounded.
The jelly barely misses you.
You take 2 damage, and have 42/50 hp.
You barely miss the jelly.
The jelly is lightly wounded.
The jelly hits you.
You are splashed with acid!
You take 11 damage, and have 31/50 hp.
MASSIVE DAMAGE!!
You hit the jelly but do no damage.
Your hands burn!
The jelly is lightly wounded.
The jelly hits you.
You are splashed with acid!
You take 14 damage, and have 17/50 hp.
MASSIVE DAMAGE!!
The jelly hits you. The acid corrodes you!
You are splashed with acid!
* * * LOW HITPOINT WARNING * * *
You climb upwards.
Level annotation: 1 runed translucent door, Crazy Yiuf
There is a stone staircase leading down here.
You take 8 damage, and have 9/50 hp.
Casting: Blink (safe; 6% risk of failure)
Confirm with . or Enter, or press ? or * to list all spells.
You blink.
The jelly misses you.
You now have 6/8 mp.
The jelly hits you.
* * * LOW HITPOINT WARNING * * *
You are splashed with acid!
You die...

##.#####......##.....######.#
..............##............#
..............#..........####
............>...##.......#
#....##.......####.......#
..####..####### #..#######
....##.## ##.## ....##.#
#..###### ....#..# ##@###...#
......## #.J###...# ####.##
#..>##...# ### ###......#
####...# #...# #...# #...#
#...#


You could see a jelly.

Vanquished Creatures
  Jessica (D:3)
  5 adders (D:2)
  3 worms
  2 dart slugs
  An orc (D:3)
  6 bats
  3 endoplasms
  6 giant cockroaches
  5 hobgoblins
  2 jackals (D:2)
  2 quokkas (D:1)
  7 ball pythons
  3 frilled lizards
  5 goblins
  5 kobolds
  7 rats
  A toadstool (D:1)
64 creatures vanquished.

Vanquished Creatures (others)
  3 toadstools (D:1)
3 creatures vanquished.

Grand Total: 67 creatures vanquished

Notes
Turn   | Place    | Note
-------+----------+-------------------------------------------
     0 | D:1      | trckry the Ogre Warper began the quest for the Orb.
     0 | D:1      | Reached XP level 1. HP: 22/22 MP: 3/3
   336 | D:1      | Reached XP level 2. HP: 29/29 MP: 5/5
   370 | D:1      | Reached skill level 3 in Translocations
  1095 | D:1      | Reached XP level 3. HP: 36/36 MP: 6/6
  1448 | D:2      | Learned a level 2 spell: Blink
  1461 | D:2      | Found Qemytesk's Book Boutique.
  1786 | D:2      | Reached XP level 4. HP: 29/44 MP: 7/7
  2266 | D:2      | Found a faded altar of an unknown god.
  2572 | D:2      | Became a worshipper of Zin the Law-Giver
  2572 | D:2      | Reached * piety under Zin
  2799 | D:3      | Reached skill level 4 in Translocations
  2952 | D:3      | Noticed Jessica
  2971 | D:3      | Killed Jessica
  2972 | D:3      | Reached XP level 5. HP: 16/50 MP: 8/8
  3283 | D:3      | Reached ** piety under Zin
  3569 | D:3      | Found a runed translucent door.
  3570 | D:3      | Noticed Crazy Yiuf
  3768 | D:4      | Learned a level 3 spell: Gell's Gravitas
  3778 | D:4      | HP: 7/50 [iguana (12)]
  4079 | D:3      | Splashed by a jelly's acid

Illustrated notes

Levels and vault maps discovered:
D:1:      ldierk_walled_garden_2, layout_loops_corners
D:2:      cheibrodos_helix_gallery, layout_rooms, serial_shops,
          nicolae_diamond_shop, hellmonk_ecumenical_altar_crossroads
D:3:      layout_rooms, grunt_decor_clamped, uniq_crazy_yiuf_cottage,
          uniq_jessica
D:4:      layout_basic, lemuel_coloured_pillars_altar,
          chequers_temple_overflow_minitemple, minmay_misc_feat_cross,
          kennysheep_donut, grunt_tough_drop

Skill      XL: |  1  2  3  4 |
---------------+-------------+-----
Maces & Flails | 2 3 |  3.6
Translocations | 3 4 |  4.1
Fighting       | |  2.6
Throwing       | |  1.0
Dodging        | |  2.1
Spellcasting   | |  2.4

Action                   |  1- 3 |  4- 6 || total
-------------------------+-------+-------++-------
Melee: Mace              |   145 |   122 ||   267
 Cast: Blink             |       |     2 ||     2
 Stab: Sleeping          |     1 |       ||     1
Armor: Robe              |    66 |    46 ||   112
Dodge: Dodged            |    72 |    69 ||   141
